 Dungeon Crawl Stone Soup version 0.28.0-47-ge53b351184 (webtiles) character file.

Game seed: 9784179892323535419

347 Peloso the Covered (level 6, -1/55 HPs)
             Began as a Minotaur Fighter on May 7, 2022.
             Slain by a black bear (7 damage)
             ... on level 5 of the Dungeon.
             The game lasted 00:07:57 (4332 turns).

Peloso the Covered (Minotaur Fighter)               Turns: 4332, Time: 00:07:57

Health: -1/55      AC: 12    Str: 21    XL:     6   Next: 32%
Magic:  5/5        EV:  7    Int:  5    God:
Gold:   272        SH:  5    Dex: 11    Spells: 5/5 levels left

rFire   . . .      SeeInvis +   a - +1 long sword
rCold   + . .      Faith    .   c - +0 buckler
rNeg    . . .      Spirit   .   y - +0 chain mail
rPois   .          Reflect  .   (helmet restricted)
rElec   .          Harm     .   (no cloak)
rCorr   .          Rampage  .   (no gloves)
Will    .....                   o - +1 pair of boots
Stlth   ..........              (no amulet)
HPRegen 0.18/turn               i - ring of protection from cold
MPRegen 0.09/turn               x - ring of see invisible

@: mighty
A: horns 2, retaliatory headbutt
a: no special abilities


You were on level 5 of the Dungeon.
You visited 1 branch of the dungeon, and saw 5 of its levels.

You collected 272 gold pieces.

Inventory:

Hand Weapons
 a - a +1 long sword (weapon)
Armour
 b - a +0 scale mail
 c - a +0 buckler (worn)
 o - a +1 pair of boots (worn)
 y - a +0 chain mail (worn)
Jewellery
 i - a ring of protection from cold (left hand)
 v - a +4 ring of evasion
 x - a ring of see invisible (right hand)
Wands
 u - a wand of mindburst (3)
Scrolls
 e - a scroll of noise {unknown}
 f - 2 scrolls of identify
 k - a scroll of brand weapon {unknown}
 m - 2 scrolls of enchant weapon
 n - 2 scrolls of teleportation {unknown}
 p - a scroll of blinking {unknown}
 q - a scroll of silence {unknown}
 r - a scroll of vulnerability {unknown}
 s - a scroll of summoning {unknown}
 z - a scroll of fog {unknown}
 A - a scroll of holy word {unknown}
 B - 2 scrolls of enchant armour {unknown}
Potions
 d - 2 potions of might
 g - a potion of invisibility
 h - 2 potions of ambrosia {unknown}
 j - a potion of brilliance {unknown}
 l - a potion of curing
 t - a potion of magic {unknown}
 w - 2 potions of haste {unknown}


   Skills:
 + Level 4.8 Fighting
 + Level 5.3 Long Blades
 + Level 5.3 Armour
 + Level 1.0 Dodging
 + Level 0.5 Stealth
 + Level 4.6 Shields


You had 5 spell levels left.
You didn't know any spells.
Your spell library contained the following spells:

 Spells                   Type           Power      Damage    Failure   Level
 Magic Dart               Conj           0%         1d3       99%         1
 Call Imp                 Summ           0%         N/A       100%        2
 Gell's Gravitas          Tloc           0%         N/A       100%        3
 Mephitic Cloud           Conj/Pois/Air  0%         N/A       100%        3
 Teleport Other           Tloc           0%         N/A       100%        3
 Dispersal                Tloc           0%         N/A       100%        6


Dungeon Overview and Level Annotations

Branches:
Dungeon (5/15)
 Temple: D:4-7

Altars:
Fedhas
Kikubaaqudgha
Wu Jian
Zin

Shops:
D:1 !   D:3 [**


Innate Abilities, Weirdness & Mutations

You have a pair of horns on your head.
You reflexively headbutt those who attack you in melee.


Message History

The centaur shoots an arrow.
The arrow hits you!
The centaur shoots an arrow.
You block the arrow.
The centaur shoots an arrow.
The arrow hits you.
The centaur shoots an arrow.
The arrow hits you.
The centaur shoots an arrow.
You block the arrow.
The centaur shoots an arrow.
The arrow hits you!
The centaur shoots an arrow.
The arrow hits you!
* * * LOW HITPOINT WARNING * * *
The centaur shoots an arrow.
The arrow hits you.
* * * LOW HITPOINT WARNING * * *
x2 You hear an angry growl.
It was a potion of curing.
You feel better.
A black bear comes into view.
The centaur shoots an arrow.
The arrow hits you but does no damage.
You feel very mighty all of a sudden.
The centaur shoots an arrow.
The arrow hits you but does no damage.
The centaur shoots an arrow.
The arrow hits you.
* * * LOW HITPOINT WARNING * * *
x2 You feel better.
The centaur shoots an arrow.
The arrow hits you!
* * * LOW HITPOINT WARNING * * *
x2 The centaur unwields a +2 vorpal shortbow.
The centaur hits you but does no damage.
The centaur kicks you but does no damage.
The centaur hits you but does no damage.
The centaur barely misses you. You block the black bear's attack.
The black bear barely misses you. The black bear closely misses you.
You feel better. You block the centaur's attack.
The centaur completely misses you.
The black bear bites you but does no damage.
The black bear barely misses you. The black bear claws you.
* * * LOW HITPOINT WARNING * * *
You slash the centaur! Your headbutt misses the centaur.
The centaur is heavily wounded.
The centaur hits you.
* * * LOW HITPOINT WARNING * * *
The centaur barely misses you.
The centaur hits you but does no damage.
The centaur kicks you but does no damage.
The black bear bites you!
You die...

...# #.. .... . # .......###..
#....# #.##. ....#..##.###
...#.. P.Pc.#
.##.#......##..##..
....###..##.........#.[..>
#...#.##.................
#.....#................#
#....h..............###
#.##.#c@.............##. ..
#.........).......##. #.
#.##.............##.... ..
##.....................
..........................## .
..................#.##....
##......##.###.......##.#....#
......###...##...##......#.##
#........##.................#


You could see a black bear and a centaur.

Vanquished Creatures
  A jelly (D:4)
  A hound (D:3)
  An iguana (D:5)
  3 orc wizards
  A gnoll (D:1)
  8 adders
  A white imp (D:5)
  3 worms
  2 dart slugs
  12 orcs
  11 ball pythons
  2 bats
  6 endoplasms
  2 giant cockroaches
  7 goblins
  7 hobgoblins
  A quokka (D:1)
  4 frilled lizards
  4 kobolds
  7 rats
84 creatures vanquished.

Vanquished Creatures (others)
  A plant (D:5)
1 creature vanquished.

Grand Total: 85 creatures vanquished

Notes
Turn   | Place    | Note
-------+----------+-------------------------------------------
     0 | D:1      | Peloso the Minotaur Fighter began the quest for the Orb.
     0 | D:1      | Reached XP level 1. HP: 19/19 MP: 0/0
     7 | D:1      | Found Upsub's Distillery.
   213 | D:1      | Reached XP level 2. HP: 27/27 MP: 1/1
   258 | D:1      | Found a faded altar of an unknown god.
   730 | D:2      | Reached XP level 3. HP: 27/33 MP: 2/2
  1099 | D:2      | Reached XP level 4. HP: 19/41 MP: 3/3
  2052 | D:3      | Found Vipt's Assorted Antiques.
  2133 | D:3      | Found an ornate altar of the Wu Jian Council.
  2139 | D:3      | Found an ancient bone altar of Kikubaaqudgha.
  2140 | D:3      | Found a glowing silver altar of Zin.
  2144 | D:3      | Found a blossoming altar of Fedhas.
  2330 | D:3      | Found Neb Xau's Assorted Antiques.
  2349 | D:3      | Found Xiann's Armour Shop.
  2527 | D:3      | Reached XP level 5. HP: 47/47 MP: 4/4
  3141 | D:4      | Reached skill level 5 in Armour
  3360 | D:4      | Reached XP level 6. HP: 53/53 MP: 5/5
  3457 | D:4      | Reached skill level 1 in Dodging
  3689 | D:4      | Reached skill level 5 in Long Blades
  3788 | D:5      | Entered Level 5 of the Dungeon
  4329 | D:5      | HP: 1/55 [centaur/arrow (3)]
  4332 | D:5      | Slain by a black bear

Illustrated notes

Levels and vault maps discovered:
D:1:      ebering_trefoil_twist, layout_basic,
          shapermc_ecumenical_altar_starsandcircs, serial_shops,
          nicolae_square_shop, minmay_tromino_i2
D:2:      layout_basic, minmay_cut_off
D:3:      layout_basic, minitemple, serial_shops, shop, nicolae_square_shop,
          nicolae_shop_crystal, minmay_misc_feat_iff
D:4:      layout_rooms, amcnicky_mini_rare_corridor_liquid
D:5:      layout_layer_cave, minmay_temple_entry_gardened_gates

Skill      XL: |  1  2  3  4  5  6 |
---------------+-------------------+-----
Shields        | 4 |  4.6
Armour         | 4 5 |  5.3
Fighting       | 4 |  4.8
Long Blades    | 3 4 5 |  5.3
Dodging        | 1 |  1.0
Stealth        | |  0.5

Action                   |  1- 3 |  4- 6 || total
-------------------------+-------+-------++-------
Melee: Long sword        |    73 |   142 ||   215
       Headbutt          |    10 |    22 ||    32
  Use: Potion            |       |     4 ||     4
       Scroll            |       |     3 ||     3
Armor: Scale mail        |    32 |    59 ||    91
       Chain mail        |       |    21 ||    21
Dodge: Dodged            |    47 |    62 ||   109
Block: Buckler           |    18 |    38 ||    56
